Monarchs vs Sewer Rats
(R2)
Created - 28 novembre 2016 at 19:01
Goals
|
| Monarchs |
1 |
1 |
2 |
0 |
4 |
| Sewer Rats |
2 |
1 |
1 |
1 |
5 |
|
Shots
|
| Monarchs |
10 |
12 |
9 |
0 |
31 |
| Sewer Rats |
12 |
6 |
12 |
2 |
32 |
|
1st period
1. Sewer Rats , Ville Leino 10 (Jared Boll, Jarred Tinordi) at 12:21
2. Monarchs , Justin Williams 13 (Shawn Matthias) at 15:58
3. Sewer Rats , Mark Mancari 8 (Ville Leino) at 19:54
Penalties :
Zac Rinaldo (MAN) for Hooking (Minor) at 2:35, Justin Williams (MAN) for Hooking (Minor) at 6:01, Vojtech Polak (Tol) for Hooking (Minor) at 17:49
2nd period
4. Sewer Rats , Matt Lashoff 4 (Jonathan Marchessault, Mark Mancari) at 4:05
5. Monarchs , Tyson Barrie 1 (Brent Sopel) at 19:18 (PP)
Penalties :
Vojtech Polak (Tol) for High sticking (Minor) at 18:43, Tom Gilbert (MAN) for Roughing (Minor) at 19:30
3rd period
6. Monarchs , Justin Williams 14 (Kyle Clifford, Tyler Toffoli) at 3:59 (PP)
7. Monarchs , Shawn Matthias 6 (Brent Sopel) at 5:09 (PP)
8. Sewer Rats , Vojtech Polak 7 (Mark Mancari, Matt Lashoff) at 11:04
Penalties :
Jared Boll (Tol) for Hooking (Minor) at 3:53, Jared Boll (Tol) for Interference (Minor) at 4:34, Justin Williams (MAN) for Unsportsmanlike conduct (Minor) at 6:07, Tom Gilbert (MAN) for Holding (Minor) at 14:07, Tyler Toffoli (MAN) for Hooking (Minor) at 18:44
Overtime #1
9. Sewer Rats , Jared Boll 9 (Kyle Quincey) at 3:23
Penalties :
No Penalty
Goalie Stats
Jhonas Enroth (MAN), 27 saves from 32 shots - (0,844), OTL, 4-2-4, 63:23 minutes
Brad Thiessen (Tol), 27 saves from 31 shots - (0,871), W, 2-2-0, 63:23 minutes
Players Stats for Monarchs
Player Name G A P +/- PIM S H SB GA TA FO MP PP MP PK MP
------------------------------------------------------------------------------------
Alexandre Grenier 0 0 0 0 0 0 0 0 0 0 0/0 14:59 0:00 3:37
Andrew Shaw 0 0 0 0 0 2 0 0 0 0 0/0 6:45 0:00 0:00
Brent Sopel 0 2 2 -3 0 3 2 1 0 1 0/0 27:17 2:28 7:19
Cam Atkinson 0 0 0 -1 0 3 3 0 0 0 0/0 20:28 1:04 6:27
Joe Morrow 0 0 0 -1 0 0 0 0 0 0 0/0 5:41 0:47 0:19
Justin Williams 2 0 2 -2 4 2 2 0 0 1 1/1 16:52 2:11 0:00
Kris Russell 0 0 0 0 0 1 0 2 0 0 0/0 11:23 0:00 1:06
Kyle Clifford 0 1 1 -3 0 4 3 1 1 1 1/4 19:22 2:11 1:39
Matt Martin 0 0 0 -1 0 3 1 0 0 0 0/0 14:10 1:04 0:00
Matt Tennyson 0 0 0 -3 0 0 1 1 0 2 0/0 24:48 0:00 7:19
Riley Cote 0 0 0 0 0 1 0 0 0 1 8/12 16:46 0:00 7:01
Ryan White 0 0 0 0 0 2 1 0 0 1 0/2 7:28 0:00 0:00
Shawn Matthias 1 1 2 -1 0 7 4 1 1 0 14/21 21:12 1:04 3:37
Theo Peckham 0 0 0 0 0 0 0 2 0 0 0/0 21:39 0:00 4:35
Tom Gilbert 0 0 0 -1 4 0 0 1 0 0 0/0 22:35 2:28 3:10
Tyler McNeely 0 0 0 0 0 2 2 0 0 0 1/1 8:37 0:00 0:40
Tyler Toffoli 0 1 1 -2 2 0 3 0 0 0 6/11 16:26 2:11 0:03
Tyson Barrie 1 0 1 0 0 1 0 0 0 3 0/0 14:22 0:47 0:00
Zac Rinaldo 0 0 0 -1 2 0 2 0 0 1 2/3 10:42 0:00 0:00
Players Stats for Sewer Rats
Player Name G A P +/- PIM S H SB GA TA FO MP PP MP PK MP
------------------------------------------------------------------------------------
Daniel Carr 0 0 0 0 0 2 0 0 0 0 0/1 9:30 1:08 0:00
Derek Dorsett 0 0 0 0 0 2 1 0 1 0 0/1 9:50 0:00 0:00
Dmitrij Jaskin 0 0 0 0 0 0 0 0 0 0 0/0 7:30 0:00 0:00
Evan Brophey 0 0 0 0 0 0 1 0 0 0 2/2 7:30 0:00 0:00
Jared Boll 1 1 2 1 4 4 3 0 0 0 0/0 21:48 4:14 0:24
Jarred Tinordi 0 1 1 2 0 0 1 1 2 0 0/0 15:23 0:00 0:11
Joel Edmundson 0 0 0 0 0 0 0 0 0 0 0/0 5:04 0:54 0:00
John Lammers 0 0 0 0 0 0 1 0 0 0 0/0 1:24 1:01 0:00
John Ramage 0 0 0 1 0 0 0 0 0 0 0/0 8:10 0:00 0:00
Jonathan Marchessault 0 1 1 2 0 4 1 0 0 0 5/10 17:05 4:41 0:00
Josh Archibald 0 0 0 0 0 0 0 0 0 0 0/0 0:00 0:00 0:00
Kyle Quincey 0 1 1 2 0 4 3 2 1 0 0/0 22:44 4:54 0:50
Mark Mancari 1 2 3 3 0 3 3 1 1 0 1/1 20:46 6:29 2:51
Matt Lashoff 1 1 2 1 0 3 3 1 0 0 0/0 28:19 6:16 2:25
Mattias Ekholm 0 0 0 -1 0 2 0 1 0 0 0/0 8:31 1:54 0:39
Nick Cousins 0 0 0 0 0 0 0 0 0 0 0/0 0:00 0:00 0:00
Patrick Bordeleau 0 0 0 0 0 1 4 0 0 0 0/0 9:50 0:00 0:00
Ryan Murphy 0 0 0 1 0 0 0 2 0 0 0/0 18:08 2:06 0:00
Steven Kampfer 0 0 0 2 0 0 0 3 3 1 0/0 20:27 6:16 2:25
Tom Sestito 0 0 0 0 0 0 0 0 0 0 0/0 1:49 0:31 0:00
Ville Leino 1 1 2 1 0 5 1 0 2 1 6/8 25:41 5:28 2:51
Vincent Trocheck 0 0 0 0 0 0 3 0 0 0 8/26 21:05 5:17 0:00
Vojtech Polak 1 0 1 4 4 2 4 1 1 0 0/0 17:56 4:41 0:00
William Karlsson 0 0 0 0 0 0 0 0 0 0 0/6 11:43 0:00 0:24
3 Stars
1 - Mark Mancari (Tol)
2 - Matt Lashoff (Tol)
3 - Ville Leino (Tol)
Power Play
Monarchs - 3 on 4 Attempt(s) - 75,00%
Sewer Rats - 0 on 6 Attempt(s) - 0,00%
Penalty Kill
Monarchs - 6 on 6 Attempt(s) - 100,00%
- Score 0 goal in Penalty Kill
Sewer Rats - 1 on 4 Attempt(s) - 25,00%
- Score 0 goal in Penalty Kill
Team Stat
Monarchs - Hits : 24 - Faceoff Wins : 33 - Blocked Shots : 9 - Penalty Minutes : 12
Sewer Rats - Hits : 29 - Faceoff Wins : 22 - Blocked Shots : 12 - Penalty Minutes : 8
Official
Referees : Morton Dean and Ciamaga Chris
Linesman : Michel Cormier and Brian Murphy
Game Notes
Mattias Ekholm is injured at 19:04 of 1st period (Bruised Right Shoulder)
Finance
Level 1 -- Attendance: 1506 (75,30%) -- Ticket Income 45 180 $
Level 2 -- Attendance: 745 (74,50%) -- Ticket Income 8 940 $
Total Attendance: 2251 (75,03%)
Total Ticket Income: 54 120 $
Other Income: 2 706 $
Total Income: 56 826 $
Monarchs
5 vs 5 Forward
Center Left Wing Right Wing Time % Phy DF OF
1 Shawn Matthias Kyle Clifford Justin Williams 40 1 2 2
2 Tyler Toffoli Matt Martin Cam Atkinson 35 1 2 2
3 Zac Rinaldo Riley Cote Alexandre Grenier 20 1 2 2
4 Ryan White Tyler McNeely Andrew Shaw 5 2 2 1
5 vs 5 Defense
Defense Defense Time % Phy DF OF
1 Brent Sopel Matt Tennyson 40 1 3 1
2 Tom Gilbert Theo Peckham 35 1 3 1
3 Kris Russell Tyson Barrie 20 1 3 1
4 Tyson Barrie Joe Morrow 5 1 3 1
PowerPlay Forward
Center Left Wing Right Wing Time % Phy DF OF
1 Tyler Toffoli Kyle Clifford Justin Williams 60 0 1 4
2 Shawn Matthias Matt Martin Cam Atkinson 40 1 1 3
PowerPlay Defense
Defense Defense Time % Phy DF OF
1 Brent Sopel Tom Gilbert 60 0 3 2
2 Joe Morrow Tyson Barrie 40 0 3 2
Penalty Kill 4 Players Forward
Center Wing Time % Phy DF OF
1 Riley Cote Cam Atkinson 60 1 2 2
2 Shawn Matthias Alexandre Grenier 40 1 2 2
Penalty Kill 4 Players Defense
Defense Defense Time % Phy DF OF
1 Brent Sopel Matt Tennyson 60 1 2 2
2 Tom Gilbert Theo Peckham 40 1 2 2
Penalty Kill - 3 Players Forward
Forward Time % Phy DF OF
1 Riley Cote 60 1 3 1
2 Shawn Matthias 40 1 3 1
Penalty Kill - 3 Players Defense
Defense Defense Time % Phy DF OF
1 Brent Sopel Matt Tennyson 60 1 4 0
2 Tom Gilbert Theo Peckham 40 1 4 0
4 vs 4 Forward
Center Wing Time % Phy DF OF
1 Shawn Matthias Tyler Toffoli 60 1 2 2
2 Matt Martin Kyle Clifford 40 1 2 2
4 vs 4 Defense
Defense Defense Time % Phy DF OF
1 Brent Sopel Matt Tennyson 60 1 2 2
2 Tom Gilbert Theo Peckham 40 1 2 2
Last Minutes Offensive
Center Left Wing Right Wing Defense Defense
Shawn Matthias Matt Martin Justin Williams Brent Sopel Tom Gilbert
Last Minutes Defensive
Center Left Wing Right Wing Defense Defense
Shawn Matthias Matt Martin Justin Williams Brent Sopel Theo Peckham
Goaltenders
Starting : Jhonas Enroth
Backup : Christopher Gibson
Extra Forwards
Normal : Tyler Toffoli, Tyler McNeely, Ryan White - PP : Andrew Shaw, Zac Rinaldo - PK : Kyle Clifford
Extra Defensemen
Normal : Kris Russell, Matt Tennyson, Theo Peckham - PP : Matt Tennyson - PK : Kris Russell, Joe Morrow
Penalty Shots
Justin Williams, Riley Cote, Cam Atkinson, Matt Martin, Shawn Matthias
Sewer Rats
5 vs 5 Forward
Center Left Wing Right Wing Time % Phy DF OF
1 Vincent Trocheck Ville Leino Jared Boll 40 1 2 2
2 Jonathan Marchessault Vojtech Polak Mark Mancari 30 1 2 2
3 William Karlsson Patrick Bordeleau Derek Dorsett 20 1 2 2
4 Evan Brophey Daniel Carr Dmitrij Jaskin 10 1 2 2
5 vs 5 Defense
Defense Defense Time % Phy DF OF
1 Mattias Ekholm Matt Lashoff 40 1 2 2
2 Jarred Tinordi Kyle Quincey 30 1 2 2
3 Steven Kampfer John Ramage 20 1 2 2
4 Joel Edmundson Ryan Murphy 10 1 2 2
PowerPlay Forward
Center Left Wing Right Wing Time % Phy DF OF
1 Vincent Trocheck Ville Leino Mark Mancari 60 1 2 2
2 Jonathan Marchessault Vojtech Polak Jared Boll 40 1 2 2
PowerPlay Defense
Defense Defense Time % Phy DF OF
1 Steven Kampfer Matt Lashoff 60 1 2 2
2 Mattias Ekholm Kyle Quincey 40 1 2 2
Penalty Kill 4 Players Forward
Center Wing Time % Phy DF OF
1 Ville Leino Mark Mancari 60 1 2 2
2 Jared Boll Vojtech Polak 40 1 2 2
Penalty Kill 4 Players Defense
Defense Defense Time % Phy DF OF
1 Steven Kampfer Matt Lashoff 60 1 2 2
2 Mattias Ekholm Kyle Quincey 40 1 2 2
Penalty Kill - 3 Players Forward
Forward Time % Phy DF OF
1 Ville Leino 60 1 2 2
2 Mark Mancari 40 1 2 2
Penalty Kill - 3 Players Defense
Defense Defense Time % Phy DF OF
1 Steven Kampfer Matt Lashoff 60 1 2 2
2 Mattias Ekholm Kyle Quincey 40 1 2 2
4 vs 4 Forward
Center Wing Time % Phy DF OF
1 Ville Leino William Karlsson 60 1 2 2
2 Jared Boll Vojtech Polak 40 1 2 2
4 vs 4 Defense
Defense Defense Time % Phy DF OF
1 Steven Kampfer Matt Lashoff 60 1 2 2
2 Mattias Ekholm Kyle Quincey 40 1 2 2
Last Minutes Offensive
Center Left Wing Right Wing Defense Defense
Vincent Trocheck Ville Leino Mark Mancari Steven Kampfer Matt Lashoff
Last Minutes Defensive
Center Left Wing Right Wing Defense Defense
William Karlsson Ville Leino Jared Boll Mattias Ekholm Matt Lashoff
Goaltenders
Starting : Brad Thiessen
Backup : Richard Bachman
Extra Forwards
Normal : Tom Sestito, Daniel Carr, William Karlsson - PP : Tom Sestito, Daniel Carr - PK : William Karlsson
Extra Defensemen
Normal : Ryan Murphy, Steven Kampfer, Jarred Tinordi - PP : Ryan Murphy - PK : Steven Kampfer, Jarred Tinordi
Penalty Shots
Ville Leino, Mark Mancari, Jared Boll, Vojtech Polak, Derek Dorsett
% Time on Ice - Monarchs
Lines # - Real PCT - Wanted PCT - Time Play
Normal Forward
1 - 33% - 40% - 14:49
2 - 32% - 35% - 14:27
3 - 21% - 20% - 9:34
4 - 15% - 5% - 6:45
Normal Defense
1 - 36% - 40% - 16:31
2 - 34% - 35% - 15:29
3 - 21% - 20% - 9:33
4 - 9% - 5% - 4:02
PP Forward
1 - 67% - 60% - 2:11
2 - 33% - 40% - 1:04
PP Defense
1 - 76% - 60% - 2:28
2 - 24% - 40% - 0:47
PK Forward
1 - 68% - 60% - 7:33
2 - 32% - 40% - 3:37
PK Defense
1 - 59% - 60% - 6:37
2 - 41% - 40% - 4:33
PK3 Forward
1 - 100% - 60% - 0:44
2 - 0% - 40% - 0:00
PK3 Defense
1 - 95% - 60% - 0:42
2 - 5% - 40% - 0:02
44 Forward
1 - 83% - 60% - 2:12
2 - 17% - 40% - 0:27
44 Defense
1 - 40% - 60% - 1:04
2 - 60% - 40% - 1:35
Last Minute Offensive - 0:00
Last Minute Defensive - 0:00
Total
Forward - 63:23
Defense - 63:23
|
% Time on Ice - Sewer Rats
Lines # - Real PCT - Wanted PCT - Time Play
Normal Forward
1 - 35% - 40% - 15:51
2 - 27% - 30% - 12:24
3 - 22% - 20% - 9:50
4 - 16% - 10% - 7:30
Normal Defense
1 - 40% - 40% - 18:03
2 - 34% - 30% - 15:32
3 - 18% - 20% - 8:10
4 - 8% - 10% - 3:50
PP Forward
1 - 58% - 60% - 6:29
2 - 42% - 40% - 4:41
PP Defense
1 - 56% - 60% - 6:16
2 - 44% - 40% - 4:54
PK Forward
1 - 88% - 60% - 2:51
2 - 12% - 40% - 0:24
PK Defense
1 - 74% - 60% - 2:25
2 - 26% - 40% - 0:50
PK3 Forward
1 - 0% - 60%
2 - 0% - 40%
PK3 Defense
1 - 0% - 60%
2 - 0% - 40%
44 Forward
1 - 77% - 60% - 2:36
2 - 23% - 40% - 0:47
44 Defense
1 - 47% - 60% - 1:35
2 - 53% - 40% - 1:48
Last Minute Offensive - 0:00
Last Minute Defensive - 0:00
Total
Forward - 63:23
Defense - 63:23
|
Play by Play
1st period
0:01 of 1st period - Shawn Matthias wins face-off versus Vincent Trocheck in neutral zone.
0:33 of 1st period - Wrist shot by Cam Atkinson.
0:33 of 1st period - Stopped by Brad Thiessen with a rebound.
0:54 of 1st period - Icing by Tom Gilbert.
0:55 of 1st period - Zac Rinaldo wins face-off versus William Karlsson in Monarchs zone.
1:10 of 1st period - Wrist shot by Patrick Bordeleau.
1:10 of 1st period - Stopped by Jhonas Enroth with a rebound.
1:20 of 1st period - Slapshot by Justin Williams.
1:20 of 1st period - Shot Misses the Net.
2:00 of 1st period - Vojtech Polak is hit by Tyler McNeely and loses puck.
2:23 of 1st period - Wrist shot by Riley Cote.
2:23 of 1st period - Shot Blocked by Ryan Murphy.
2:35 of 1st period - Minor Penalty to Zac Rinaldo for Hooking.
2:36 of 1st period - Riley Cote wins face-off versus Vincent Trocheck in Monarchs zone.
3:03 of 1st period - Shawn Matthias is hit by Jared Boll and loses puck.
4:29 of 1st period - Icing by Jonathan Marchessault.
4:30 of 1st period - Shawn Matthias wins face-off versus Jonathan Marchessault in Sewer Rats zone.
4:31 of 1st period - Slapshot by Brent Sopel.
4:31 of 1st period - Shot Misses the Net.
4:35 of 1st period - Penalty to Zac Rinaldo is over, Zac Rinaldo is back on ice.
4:47 of 1st period - Wrist shot by Shawn Matthias.
4:47 of 1st period - Stopped by Brad Thiessen with a rebound.
5:13 of 1st period - Snap shot by Vojtech Polak.
5:13 of 1st period - Stopped by Jhonas Enroth with a rebound.
5:15 of 1st period - Slapshot by Mattias Ekholm.
5:15 of 1st period - Stopped by Jhonas Enroth with a rebound.
5:21 of 1st period - Snap shot by Jared Boll.
5:21 of 1st period - Stopped by Jhonas Enroth with a rebound.
5:23 of 1st period - Slapshot by Jonathan Marchessault.
5:23 of 1st period - Shot Misses the Net.
5:25 of 1st period - Slapshot by Mattias Ekholm.
5:25 of 1st period - Stopped by Jhonas Enroth with a rebound.
5:27 of 1st period - Slapshot by Kyle Quincey.
5:27 of 1st period - Stopped by Jhonas Enroth without a rebound.
5:28 of 1st period - Tyler Toffoli wins face-off versus William Karlsson in Monarchs zone.
5:41 of 1st period - Slapshot by Matt Martin.
5:41 of 1st period - Deflect By Cam Atkinson.
5:41 of 1st period - Shot Misses the Net.
5:41 of 1st period - Puck is out of play.
5:42 of 1st period - Evan Brophey wins face-off versus Ryan White in Sewer Rats zone.
5:55 of 1st period - Slapshot by Steven Kampfer.
5:55 of 1st period - Shot Blocked by Tom Gilbert.
5:57 of 1st period - Slapshot by Steven Kampfer.
5:57 of 1st period - Deflect By Daniel Carr.
5:57 of 1st period - Shot Hit the Post.
5:57 of 1st period - Puck is out of play.
5:58 of 1st period - Shawn Matthias wins face-off versus William Karlsson in Monarchs zone.
5:58 of 1st period - Shawn Matthias is hit by Patrick Bordeleau.
6:01 of 1st period - Minor Penalty to Justin Williams for Hooking.
6:02 of 1st period - Riley Cote wins face-off versus Vincent Trocheck in Monarchs zone.
7:15 of 1st period - Slapshot by Shawn Matthias.
7:15 of 1st period - Stopped by Brad Thiessen with a rebound.
8:01 of 1st period - Penalty to Justin Williams is over, Justin Williams is back on ice.
8:04 of 1st period - Theo Peckham is hit by Mark Mancari and loses puck.
8:23 of 1st period - Ryan White is hit by Patrick Bordeleau and loses puck.
9:10 of 1st period - Wrist shot by Justin Williams.
9:10 of 1st period - Shot Blocked by Steven Kampfer.
9:12 of 1st period - Backhand shot by Brent Sopel.
9:12 of 1st period - Shot Blocked by Steven Kampfer.
9:44 of 1st period - Patrick Bordeleau is hit by Tyler McNeely and loses puck.
10:28 of 1st period - Alexandre Grenier is hit by Jared Boll.
10:43 of 1st period - Shawn Matthias is hit by Vojtech Polak and loses puck.
11:19 of 1st period - Icing by Matt Lashoff.
11:20 of 1st period - Jonathan Marchessault wins face-off versus Ryan White in Sewer Rats zone.
11:39 of 1st period - Slapshot by Ville Leino.
11:39 of 1st period - Shot Misses the Net.
11:41 of 1st period - Snap shot by Ville Leino.
11:41 of 1st period - Stopped by Jhonas Enroth with a rebound.
11:43 of 1st period - Wrist shot by Steven Kampfer.
11:43 of 1st period - Shot Blocked by Kris Russell.
11:57 of 1st period - Slapshot by Tyler Toffoli.
11:57 of 1st period - Shot Misses the Net.
11:59 of 1st period - Wrist shot by Cam Atkinson.
11:59 of 1st period - Shot Hit the Post.
12:01 of 1st period - Slapshot by Cam Atkinson.
12:01 of 1st period - Deflect By Tyler Toffoli.
12:01 of 1st period - Shot Blocked by Steven Kampfer.
12:01 of 1st period - Puck is out of play.
12:02 of 1st period - Tyler Toffoli wins face-off versus Vincent Trocheck in Sewer Rats zone.
12:05 of 1st period - Wrist shot by Cam Atkinson.
12:05 of 1st period - Deflect By Tyler Toffoli.
12:05 of 1st period - Shot Blocked by Jarred Tinordi.
12:05 of 1st period - Puck is out of play.
12:06 of 1st period - Shawn Matthias wins face-off versus Vincent Trocheck in Sewer Rats zone.
12:19 of 1st period - Wrist shot by Ville Leino.
12:19 of 1st period - Stopped by Jhonas Enroth with a rebound.
12:21 of 1st period - Snap shot by Ville Leino.
12:21 of 1st period - Goal by Ville Leino - Monarchs : 0 - Sewer Rats : 1.
12:22 of 1st period - Shawn Matthias wins face-off versus Vincent Trocheck in neutral zone.
13:07 of 1st period - Wrist shot by Patrick Bordeleau.
13:07 of 1st period - Shot Misses the Net.
13:33 of 1st period - Slapshot by Kyle Quincey.
13:33 of 1st period - Stopped by Jhonas Enroth with a rebound.
13:35 of 1st period - Slapshot by Evan Brophey.
13:35 of 1st period - Shot Misses the Net.
14:10 of 1st period - Steven Kampfer is hit by Cam Atkinson and loses puck.
14:36 of 1st period - Snap shot by Derek Dorsett.
14:36 of 1st period - Shot Misses the Net.
14:38 of 1st period - Snap shot by William Karlsson.
14:38 of 1st period - Shot Blocked by Theo Peckham.
15:43 of 1st period - Snap shot by Ryan White.
15:43 of 1st period - Shot Misses the Net.
15:45 of 1st period - Slapshot by Tom Gilbert.
15:45 of 1st period - Shot Blocked by Matt Lashoff.
15:47 of 1st period - Slapshot by Theo Peckham.
15:47 of 1st period - Shot Blocked by Mark Mancari.
15:49 of 1st period - Slapshot by Theo Peckham.
15:49 of 1st period - Shot Misses the Net.
15:51 of 1st period - Wrist shot by Tyler McNeely.
15:51 of 1st period - Stopped by Brad Thiessen without a rebound.
15:52 of 1st period - Justin Williams wins face-off versus Vincent Trocheck in Sewer Rats zone.
15:58 of 1st period - Snap shot by Justin Williams.
15:58 of 1st period - Goal by Justin Williams - Monarchs : 1 - Sewer Rats : 1.
15:59 of 1st period - Vincent Trocheck wins face-off versus Kyle Clifford in neutral zone.
16:29 of 1st period - Wrist shot by Cam Atkinson.
16:29 of 1st period - Shot Misses the Net.
16:59 of 1st period - Slapshot by Derek Dorsett.
16:59 of 1st period - Stopped by Jhonas Enroth with a rebound.
17:01 of 1st period - Slapshot by Mattias Ekholm.
17:01 of 1st period - Deflect By Patrick Bordeleau.
17:01 of 1st period - Shot Misses the Net.
17:01 of 1st period - Puck is out of play.
17:02 of 1st period - Shawn Matthias wins face-off versus Vincent Trocheck in Monarchs zone.
17:02 of 1st period - Shawn Matthias is hit by Kyle Quincey.
17:16 of 1st period - Backhand shot by Shawn Matthias.
17:16 of 1st period - Stopped by Brad Thiessen with a rebound.
17:30 of 1st period - Slapshot by Cam Atkinson.
17:30 of 1st period - Shot Misses the Net.
17:32 of 1st period - Backhand shot by Tyson Barrie.
17:32 of 1st period - Shot Blocked by Vojtech Polak.
17:49 of 1st period - Minor Penalty to Vojtech Polak for Hooking.
17:50 of 1st period - Ville Leino wins face-off versus Tyler Toffoli in Sewer Rats zone.
17:50 of 1st period - Ville Leino is hit by Kyle Clifford.
18:19 of 1st period - Slapshot by Brent Sopel.
18:19 of 1st period - Stopped by Brad Thiessen with a rebound.
18:23 of 1st period - Snap shot by Shawn Matthias.
18:23 of 1st period - Stopped by Brad Thiessen with a rebound.
18:25 of 1st period - Snap shot by Shawn Matthias.
18:25 of 1st period - Stopped by Brad Thiessen without a rebound.
18:26 of 1st period - Ville Leino wins face-off versus Kyle Clifford in Sewer Rats zone.
18:26 of 1st period - Ville Leino is hit by Kyle Clifford.
18:54 of 1st period - Wrist shot by Kyle Clifford.
18:54 of 1st period - Stopped by Brad Thiessen with a rebound.
19:04 of 1st period - Wrist shot by Justin Williams.
19:04 of 1st period - Shot Blocked by Mattias Ekholm.
19:04 of 1st period - Mattias Ekholm from Sewer Rats is injured at 19:04 of 1st period (Bruised Right Shoulder).
19:05 of 1st period - Mark Mancari wins face-off versus Tyler Toffoli in Sewer Rats zone.
19:05 of 1st period - Mark Mancari is hit by Justin Williams.
19:20 of 1st period - Off-side.
19:21 of 1st period - Ville Leino wins face-off versus Shawn Matthias in neutral zone.
19:24 of 1st period - Backhand shot by Ville Leino.
19:24 of 1st period - Shot Misses the Net.
19:49 of 1st period - Penalty to Vojtech Polak is over, Vojtech Polak is back on ice.
19:49 of 1st period - Kyle Clifford is hit by Vojtech Polak and loses puck.
19:54 of 1st period - Snap shot by Mark Mancari.
19:54 of 1st period - Goal by Mark Mancari - Monarchs : 1 - Sewer Rats : 2.
19:55 of 1st period - Shawn Matthias wins face-off versus Vincent Trocheck in neutral zone.
Goals for this period are 1 for Monarchs vs 2 for Sewer Rats.
Shots for this period are 10 for Monarchs vs 12 for Sewer Rats.
2nd period
0:01 of 2nd period - Vincent Trocheck wins face-off versus Shawn Matthias in neutral zone.
0:04 of 2nd period - Shawn Matthias is hit by Ville Leino and loses puck.
0:17 of 2nd period - Jared Boll is hit by Kyle Clifford and loses puck.
0:38 of 2nd period - Slapshot by Cam Atkinson.
0:38 of 2nd period - Shot Misses the Net.
0:56 of 2nd period - Backhand shot by Derek Dorsett.
0:56 of 2nd period - Stopped by Jhonas Enroth with a rebound.
1:14 of 2nd period - Snap shot by Tom Gilbert.
1:14 of 2nd period - Shot Misses the Net.
2:05 of 2nd period - Icing by Matt Martin.
2:06 of 2nd period - Tyler Toffoli wins face-off versus Vincent Trocheck in Monarchs zone.
2:43 of 2nd period - Snap shot by Matt Martin.
2:43 of 2nd period - Stopped by Brad Thiessen with a rebound.
2:45 of 2nd period - Slapshot by Tyson Barrie.
2:45 of 2nd period - Shot Misses the Net.
2:47 of 2nd period - Snap shot by Tyler Toffoli.
2:47 of 2nd period - Deflect By Matt Martin.
2:47 of 2nd period - Stopped by Brad Thiessen without a rebound.
2:48 of 2nd period - Kyle Clifford wins face-off versus Vincent Trocheck in Sewer Rats zone.
2:51 of 2nd period - Wrist shot by Kyle Clifford.
2:51 of 2nd period - Stopped by Brad Thiessen without a rebound.
2:52 of 2nd period - Shawn Matthias wins face-off versus Vincent Trocheck in Sewer Rats zone.
3:51 of 2nd period - Snap shot by Vojtech Polak.
3:51 of 2nd period - Shot Blocked by Brent Sopel.
3:53 of 2nd period - Wrist shot by Mark Mancari.
3:53 of 2nd period - Shot Misses the Net.
3:55 of 2nd period - Slapshot by Matt Lashoff.
3:55 of 2nd period - Shot Blocked by Matt Tennyson.
3:57 of 2nd period - Snap shot by Jonathan Marchessault.
3:57 of 2nd period - Stopped by Jhonas Enroth with a rebound.
4:03 of 2nd period - Snap shot by Jonathan Marchessault.
4:03 of 2nd period - Stopped by Jhonas Enroth with a rebound.
4:05 of 2nd period - Wrist shot by Matt Lashoff.
4:05 of 2nd period - Goal by Matt Lashoff - Monarchs : 1 - Sewer Rats : 3.
4:06 of 2nd period - Vincent Trocheck wins face-off versus Shawn Matthias in neutral zone.
4:52 of 2nd period - Vincent Trocheck is hit by Zac Rinaldo and loses puck.
5:35 of 2nd period - Snap shot by Riley Cote.
5:35 of 2nd period - Stopped by Brad Thiessen without a rebound.
5:36 of 2nd period - Shawn Matthias wins face-off versus William Karlsson in Sewer Rats zone.
5:53 of 2nd period - Justin Williams is hit by Matt Lashoff and loses puck.
6:10 of 2nd period - Matt Lashoff is hit by Matt Martin and loses puck.
9:21 of 2nd period - Evan Brophey is hit by Matt Tennyson and loses puck.
9:42 of 2nd period - Shawn Matthias is hit by Derek Dorsett and loses puck.
9:54 of 2nd period - Off-side.
9:55 of 2nd period - Tyler Toffoli wins face-off versus Jonathan Marchessault in neutral zone.
10:48 of 2nd period - Tom Gilbert is hit by Evan Brophey and loses puck.
11:09 of 2nd period - Jonathan Marchessault is hit by Tyler Toffoli and loses puck.
11:33 of 2nd period - Snap shot by Kris Russell.
11:33 of 2nd period - Deflect By Tyler McNeely.
11:33 of 2nd period - Stopped by Brad Thiessen with a rebound.
11:39 of 2nd period - Slapshot by Ryan White.
11:39 of 2nd period - Stopped by Brad Thiessen with a rebound.
11:41 of 2nd period - Slapshot by Kris Russell.
11:41 of 2nd period - Stopped by Brad Thiessen with a rebound.
11:50 of 2nd period - Off-side.
11:51 of 2nd period - Jonathan Marchessault wins face-off versus Zac Rinaldo in neutral zone.
11:54 of 2nd period - Slapshot by Matt Lashoff.
11:54 of 2nd period - Deflect By Tom Gilbert.
11:54 of 2nd period - Stopped by Jhonas Enroth with a rebound.
12:02 of 2nd period - Tom Gilbert is hit by Vojtech Polak and loses puck.
13:07 of 2nd period - Wrist shot by Cam Atkinson.
13:07 of 2nd period - Shot Misses the Net.
13:13 of 2nd period - John Ramage is hit by Cam Atkinson.
13:47 of 2nd period - Kris Russell is hit by Matt Lashoff and loses puck.
13:58 of 2nd period - Snap shot by Ville Leino.
13:58 of 2nd period - Deflect By Kris Russell.
13:58 of 2nd period - Shot Misses the Net.
13:58 of 2nd period - Puck is out of play.
13:59 of 2nd period - Jonathan Marchessault wins face-off versus Shawn Matthias in Monarchs zone.
14:00 of 2nd period - Snap shot by Vojtech Polak.
14:00 of 2nd period - Shot Blocked by Kyle Clifford.
14:06 of 2nd period - Snap shot by Justin Williams.
14:06 of 2nd period - Shot Misses the Net.
14:24 of 2nd period - Ville Leino is hit by Tyler Toffoli.
14:45 of 2nd period - Icing by John Ramage.
14:46 of 2nd period - Zac Rinaldo wins face-off versus William Karlsson in Sewer Rats zone.
15:34 of 2nd period - Snap shot by Matt Martin.
15:34 of 2nd period - Stopped by Brad Thiessen with a rebound.
15:36 of 2nd period - Snap shot by Tyler Toffoli.
15:36 of 2nd period - Shot Misses the Net.
16:38 of 2nd period - Cam Atkinson is hit by Jared Boll and loses puck.
16:57 of 2nd period - Slapshot by Brent Sopel.
16:57 of 2nd period - Stopped by Brad Thiessen without a rebound.
16:58 of 2nd period - Shawn Matthias wins face-off versus Jonathan Marchessault in Sewer Rats zone.
17:01 of 2nd period - Wrist shot by Shawn Matthias.
17:01 of 2nd period - Stopped by Brad Thiessen without a rebound.
17:02 of 2nd period - Vincent Trocheck wins face-off versus Shawn Matthias in Sewer Rats zone.
17:02 of 2nd period - Vincent Trocheck is hit by Justin Williams.
17:18 of 2nd period - Slapshot by Justin Williams.
17:18 of 2nd period - Deflect By Kyle Clifford.
17:18 of 2nd period - Shot Blocked by Kyle Quincey.
17:18 of 2nd period - Puck is out of play.
17:19 of 2nd period - Jonathan Marchessault wins face-off versus Tyler Toffoli in Sewer Rats zone.
17:19 of 2nd period - Jonathan Marchessault is hit by Cam Atkinson.
17:56 of 2nd period - Off-side.
17:57 of 2nd period - Shawn Matthias wins face-off versus Derek Dorsett in neutral zone.
18:43 of 2nd period - Minor Penalty to Vojtech Polak for High sticking.
18:44 of 2nd period - Ville Leino wins face-off versus Tyler Toffoli in Sewer Rats zone.
19:00 of 2nd period - Snap shot by Kyle Clifford.
19:00 of 2nd period - Stopped by Brad Thiessen with a rebound.
19:18 of 2nd period - Slapshot by Tyson Barrie.
19:18 of 2nd period - Deflect By Matt Lashoff.
19:18 of 2nd period - Goal by Tyson Barrie - Monarchs : 2 - Sewer Rats : 3.
19:19 of 2nd period - Vincent Trocheck wins face-off versus Kyle Clifford in neutral zone.
19:19 of 2nd period - Vincent Trocheck is hit by Shawn Matthias.
19:23 of 2nd period - Slapshot by Matt Lashoff.
19:23 of 2nd period - Stopped by Jhonas Enroth with a rebound.
19:30 of 2nd period - Minor Penalty to Tom Gilbert for Roughing.
19:31 of 2nd period - Vincent Trocheck wins face-off versus Riley Cote in Monarchs zone.
Goals for this period are 1 for Monarchs vs 1 for Sewer Rats.
Shots for this period are 12 for Monarchs vs 6 for Sewer Rats.
3rd period
0:01 of 3rd period - Riley Cote wins face-off versus Vincent Trocheck in neutral zone.
0:06 of 3rd period - Snap shot by Cam Atkinson.
0:06 of 3rd period - Stopped by Brad Thiessen with a rebound.
0:18 of 3rd period - Cam Atkinson is hit by Mark Mancari and loses puck.
1:30 of 3rd period - Penalty to Tom Gilbert is over, Tom Gilbert is back on ice.
1:32 of 3rd period - Snap shot by Tom Gilbert.
1:32 of 3rd period - Deflect By Kyle Clifford.
1:32 of 3rd period - Stopped by Brad Thiessen with a rebound.
1:38 of 3rd period - Kyle Clifford is hit by Patrick Bordeleau and loses puck.
1:45 of 3rd period - Snap shot by Patrick Bordeleau.
1:45 of 3rd period - Shot Misses the Net.
2:02 of 3rd period - Snap shot by Daniel Carr.
2:02 of 3rd period - Stopped by Jhonas Enroth without a rebound.
2:03 of 3rd period - Tyler McNeely wins face-off versus William Karlsson in Monarchs zone.
2:03 of 3rd period - Tyler McNeely is hit by Patrick Bordeleau.
2:17 of 3rd period - Wrist shot by Ryan White.
2:17 of 3rd period - Stopped by Brad Thiessen with a rebound.
2:39 of 3rd period - Snap shot by Ville Leino.
2:39 of 3rd period - Stopped by Jhonas Enroth with a rebound.
2:49 of 3rd period - Wrist shot by Kyle Clifford.
2:49 of 3rd period - Shot Misses the Net.
2:57 of 3rd period - Steven Kampfer is hit by Shawn Matthias.
3:53 of 3rd period - Minor Penalty to Jared Boll for Hooking.
3:54 of 3rd period - Tyler Toffoli wins face-off versus Ville Leino in Sewer Rats zone.
3:59 of 3rd period - Snap shot by Justin Williams.
3:59 of 3rd period - Goal by Justin Williams - Monarchs : 3 - Sewer Rats : 3.
4:00 of 3rd period - Shawn Matthias wins face-off versus Vincent Trocheck in neutral zone.
4:11 of 3rd period - Snap shot by Jared Boll.
4:11 of 3rd period - Stopped by Jhonas Enroth without a rebound.
4:12 of 3rd period - Shawn Matthias wins face-off versus Vincent Trocheck in Monarchs zone.
4:12 of 3rd period - Shawn Matthias is hit by Vincent Trocheck.
4:24 of 3rd period - Snap shot by Justin Williams.
4:24 of 3rd period - Shot Blocked by Ryan Murphy.
4:34 of 3rd period - Minor Penalty to Jared Boll for Interference.
4:35 of 3rd period - Tyler Toffoli wins face-off versus Ville Leino in Sewer Rats zone.
4:36 of 3rd period - Slapshot by Justin Williams.
4:36 of 3rd period - Shot Misses the Net.
5:04 of 3rd period - Steven Kampfer is hit by Brent Sopel and loses puck.
5:09 of 3rd period - Wrist shot by Shawn Matthias.
5:09 of 3rd period - Goal by Shawn Matthias - Monarchs : 4 - Sewer Rats : 3.
5:10 of 3rd period - Shawn Matthias wins face-off versus Vincent Trocheck in neutral zone.
5:41 of 3rd period - Alexandre Grenier is hit by Jarred Tinordi and loses puck.
5:48 of 3rd period - Slapshot by Ville Leino.
5:48 of 3rd period - Shot Hit the Post.
5:50 of 3rd period - Slapshot by Kyle Quincey.
5:50 of 3rd period - Shot Blocked by Theo Peckham.
5:56 of 3rd period - Snap shot by Jared Boll.
5:56 of 3rd period - Stopped by Jhonas Enroth without a rebound.
5:57 of 3rd period - Jonathan Marchessault wins face-off versus Shawn Matthias in Monarchs zone.
6:07 of 3rd period - Minor Penalty to Justin Williams for Unsportsmanlike conduct.
6:08 of 3rd period - Riley Cote wins face-off versus Vincent Trocheck in Monarchs zone.
6:18 of 3rd period - Snap shot by Mark Mancari.
6:18 of 3rd period - Stopped by Jhonas Enroth without a rebound.
6:19 of 3rd period - Riley Cote wins face-off versus Vincent Trocheck in Monarchs zone.
6:34 of 3rd period - Wrist shot by Mark Mancari.
6:34 of 3rd period - Shot Misses the Net.
6:54 of 3rd period - Alexandre Grenier is hit by Matt Lashoff and loses puck.
8:00 of 3rd period - Ville Leino is hit by Shawn Matthias and loses puck.
8:07 of 3rd period - Penalty to Justin Williams is over, Justin Williams is back on ice.
8:17 of 3rd period - Snap shot by Daniel Carr.
8:17 of 3rd period - Stopped by Jhonas Enroth with a rebound.
8:19 of 3rd period - Wrist shot by Dmitrij Jaskin.
8:19 of 3rd period - Shot Misses the Net.
8:27 of 3rd period - Snap shot by Kyle Quincey.
8:27 of 3rd period - Stopped by Jhonas Enroth with a rebound.
8:41 of 3rd period - Andrew Shaw is hit by Kyle Quincey and loses puck.
9:26 of 3rd period - Snap shot by William Karlsson.
9:26 of 3rd period - Shot Blocked by Kris Russell.
10:30 of 3rd period - Off-side.
10:31 of 3rd period - Evan Brophey wins face-off versus Tyler Toffoli in neutral zone.
10:56 of 3rd period - Shawn Matthias is hit by Jonathan Marchessault.
11:00 of 3rd period - Slapshot by Mark Mancari.
11:00 of 3rd period - Shot Misses the Net.
11:02 of 3rd period - Wrist shot by Mark Mancari.
11:02 of 3rd period - Shot Blocked by Shawn Matthias.
11:04 of 3rd period - Wrist shot by Vojtech Polak.
11:04 of 3rd period - Goal by Vojtech Polak - Monarchs : 4 - Sewer Rats : 4.
11:05 of 3rd period - Vincent Trocheck wins face-off versus Shawn Matthias in neutral zone.
11:35 of 3rd period - Snap shot by Cam Atkinson.
11:35 of 3rd period - Stopped by Brad Thiessen with a rebound.
11:37 of 3rd period - Wrist shot by Brent Sopel.
11:37 of 3rd period - Stopped by Brad Thiessen with a rebound.
12:33 of 3rd period - Tom Gilbert is hit by Vincent Trocheck and loses puck.
13:16 of 3rd period - Snap shot by Andrew Shaw.
13:16 of 3rd period - Stopped by Brad Thiessen with a rebound.
13:18 of 3rd period - Wrist shot by Andrew Shaw.
13:18 of 3rd period - Stopped by Brad Thiessen with a rebound.
13:35 of 3rd period - Ville Leino is hit by Tyler Toffoli and loses puck.
13:53 of 3rd period - Justin Williams is hit by Vincent Trocheck and loses puck.
14:07 of 3rd period - Minor Penalty to Tom Gilbert for Holding.
14:08 of 3rd period - Riley Cote wins face-off versus Jonathan Marchessault in Monarchs zone.
14:16 of 3rd period - Slapshot by Kyle Quincey.
14:16 of 3rd period - Deflect By Jonathan Marchessault.
14:16 of 3rd period - Stopped by Jhonas Enroth with a rebound.
14:18 of 3rd period - Slapshot by Jonathan Marchessault.
14:18 of 3rd period - Shot Misses the Net.
14:20 of 3rd period - Snap shot by Kyle Quincey.
14:20 of 3rd period - Deflect By Brent Sopel.
14:20 of 3rd period - Stopped by Jhonas Enroth with a rebound.
14:22 of 3rd period - Wrist shot by Jonathan Marchessault.
14:22 of 3rd period - Shot Misses the Net.
14:24 of 3rd period - Slapshot by Kyle Quincey.
14:24 of 3rd period - Deflect By Jonathan Marchessault.
14:24 of 3rd period - Stopped by Jhonas Enroth with a rebound.
14:53 of 3rd period - Icing by Kyle Quincey.
14:54 of 3rd period - Riley Cote wins face-off versus Daniel Carr in Sewer Rats zone.
15:04 of 3rd period - Riley Cote is hit by Mark Mancari and loses puck.
15:35 of 3rd period - Slapshot by Ryan Murphy.
15:35 of 3rd period - Deflect By Mark Mancari.
15:35 of 3rd period - Stopped by Jhonas Enroth without a rebound.
15:36 of 3rd period - Riley Cote wins face-off versus Jonathan Marchessault in Monarchs zone.
16:07 of 3rd period - Penalty to Tom Gilbert is over, Tom Gilbert is back on ice.
16:26 of 3rd period - Wrist shot by Shawn Matthias.
16:26 of 3rd period - Shot Misses the Net.
18:17 of 3rd period - Mark Mancari is hit by Shawn Matthias and loses puck.
18:44 of 3rd period - Minor Penalty to Tyler Toffoli for Hooking.
18:45 of 3rd period - Vincent Trocheck wins face-off versus Riley Cote in Monarchs zone.
19:55 of 3rd period - Vincent Trocheck is hit by Brent Sopel and loses puck.
Goals for this period are 2 for Monarchs vs 1 for Sewer Rats.
Shots for this period are 9 for Monarchs vs 12 for Sewer Rats.
Overtime #1
0:01 of 1st overtime period - Ville Leino wins face-off versus Riley Cote in neutral zone.
0:10 of 1st overtime period - Snap shot by Ville Leino.
0:10 of 1st overtime period - Stopped by Jhonas Enroth without a rebound.
0:11 of 1st overtime period - Ville Leino wins face-off versus Riley Cote in Monarchs zone.
0:44 of 1st overtime period - Penalty to Tyler Toffoli is over, Tyler Toffoli is back on ice.
0:58 of 1st overtime period - Slapshot by Tom Gilbert.
0:58 of 1st overtime period - Shot Blocked by Kyle Quincey.
1:04 of 1st overtime period - Theo Peckham is hit by Kyle Quincey and loses puck.
1:55 of 1st overtime period - Tyler Toffoli is hit by John Lammers and loses puck.
2:14 of 1st overtime period - Matt Tennyson is hit by Vojtech Polak and loses puck.
2:35 of 1st overtime period - Ville Leino is hit by Ryan White.
2:57 of 1st overtime period - Jarred Tinordi is hit by Zac Rinaldo.
3:23 of 1st overtime period - Snap shot by Jared Boll.
3:23 of 1st overtime period - Goal by Jared Boll - Monarchs : 4 - Sewer Rats : 5.
Goals for this period are 0 for Monarchs vs 1 for Sewer Rats.
Shots for this period are 0 for Monarchs vs 2 for Sewer Rats.
Back to the Top